 Dungeon Crawl Stone Soup version 0.29.1-1-gd02db6906a (webtiles) character file.

Game seed: 3569538710683676512

76 safid the Shooter (level 4, -7/38 HPs)
             Began as a Minotaur Hunter on Oct 14, 2022.
             Killed from afar by Sigmund (11 damage)
             ... with a puff of flame
             ... on level 2 of the Dungeon.
             The game lasted 00:02:58 (1847 turns).

safid the Shooter (Minotaur Hunter)                 Turns: 1847, Time: 00:02:58

Health: -7/38      AC:  3    Str: 16    XL:     4   Next: 12%
Magic:  3/3        EV: 12    Int:  6    God:
Gold:   126        SH:  0    Dex: 15    Spells: 3/3 levels left

rFire   . . .      SeeInvis .   a - +0 shortbow
rCold   . . .      Faith    .   (shield currently unavailable)
rNeg    . . .      Spirit   .   c - +0 leather armour
rPois   .          Reflect  .   (helmet restricted)
rElec   .          Harm     .   (no cloak)
rCorr   .          Rampage  .   (no gloves)
Will    .....                   (no boots)
Stlth   +.........              (no amulet)
HPRegen 0.12/turn               (no ring)
MPRegen 0.08/turn               (no ring)

@: no status effects
A: horns 2, retaliatory headbutt
a: no special abilities


You were on level 2 of the Dungeon.
You visited 1 branch of the dungeon, and saw 2 of its levels.

You collected 126 gold pieces.

Inventory:

Hand Weapons
 a - a +0 shortbow (weapon)
Armour
 c - a +0 leather armour (worn)
Scrolls
 b - a scroll of immolation
 f - a scroll of identify {unknown}
 g - a scroll of amnesia {unknown}
 h - a scroll of silence {unknown}
 i - a scroll of noise {unknown}
 l - 2 scrolls of fear {unknown}
 m - a scroll of enchant armour {unknown}
Potions
 d - a potion of brilliance {unknown}
 e - 2 potions of magic {unknown}
 j - a potion of attraction {unknown}
 k - a potion of mutation {unknown}
 n - a potion of curing {unknown}
 o - a potion of flight {unknown}


   Skills:
 - Level 3.0 Fighting
 + Level 6.0 Ranged Weapons
 - Level 2.1 Dodging
 - Level 0.7 Stealth


You had 3 spell levels left.
You didn't know any spells.
Your spell library contained the following spells:

 Spells                   Type           Power      Damage    Failure   Level
 Freeze                   Ice            0%         1d3       52%         1
 Frozen Ramparts          Ice            0%         1d1       88%         3
 Animate Armour           Summ/Erth      0%         N/A       99%         4
 Animate Dead             Necr           0%         N/A       99%         4
 Hailstorm                Conj/Ice       0%         3d3       99%         4
 Blade Hands              Tmut           0%         N/A       100%        5
 Borgnjor's Vile Clutch   Necr/Erth      0%         N/A       100%        5
 Death Channel            Necr           0%         N/A       100%        6
 Iron Shot                Conj/Erth      0%         9d1       100%        6


Dungeon Overview and Level Annotations

Branches:
Dungeon (2/15)

Altars:

Annotations:
D:2 Sigmund


Innate Abilities, Weirdness & Mutations

You have a pair of horns on your head.
You reflexively headbutt those who attack you in melee.


Message History

Sigmund is heavily wounded.
Sigmund points at you and mumbles some strange words.
You are confused.
You are too confused!
You are too confused!
You are too confused!
You are too confused!
You are too confused!
You are too confused!
Non-targeted confused fire: a) +0 shortbow
Press: ? - help, Q - select action Dir - look around, f - activate You shoot an arrow.
Sigmund gestures at you while chanting. You resist with some effort.
Unknown command.
Sigmund zaps a wand.
The puff of flame hits you!
You bump into the rock wall.
You bump into the rock wall.
Sigmund gestures at you while chanting. The puff of flame misses you.
You bump into the rock wall.
You feel less confused. Sigmund gestures at you while chanting.
You resist with some effort. Sigmund casts a spell at you.
The magic dart hits you!
* * * LOW HITPOINT WARNING * * *
Sigmund flickers, as though insubstantial.
Sigmund gestures at you while chanting.
You are confused.
Sigmund gestures at you while chanting. The puff of flame hits you.
* * * LOW HITPOINT WARNING * * *
Sigmund gestures at you while chanting. The magic dart hits you.
* * * LOW HITPOINT WARNING * * *
You feel less confused.
Sigmund laughs darkly.
Sigmund zaps a wand.
The puff of flame hits you!
You die...

......# #.#.# ##..#### #.#.#
#... ..#.# ##.# #@# #.#
#########.#####
##8............#
##.P.###.....##.############
#..8.# #.#...@.....[.......#
#...##.#
#.###.##.##########.#
##P###.# #.# #.##.# #.# ##
#..# #.# #.##.# #.### # #..#
#.# #.##.# #####.##. # ####
#.###.##.# #...#.##. #
#.....##.######........ ###
########..........####. ..#
############ #.


You could see Sigmund.

Vanquished Creatures
  A gnoll (D:1)
  2 adders (D:2)
  A worm (D:2)
  4 dart slugs
  5 ball pythons
  2 endoplasms
  3 giant cockroaches
  5 hobgoblins
  A quokka (D:1)
  5 bats
  3 frilled lizards
  4 goblins
  A kobold (D:2)
  2 rats (D:1)
39 creatures vanquished.

Notes
Turn   | Place    | Note
-------+----------+-------------------------------------------
     0 | D:1      | safid the Minotaur Hunter began the quest for the Orb.
     0 | D:1      | Reached XP level 1. HP: 18/18 MP: 0/0
   408 | D:1      | Reached XP level 2. HP: 26/26 MP: 1/1
   520 | D:1      | Reached skill level 5 in Ranged Weapons
   772 | D:1      | Reached XP level 3. HP: 18/31 MP: 2/2
  1352 | D:2      | Reached XP level 4. HP: 38/38 MP: 3/3
  1364 | D:2      | Reached skill level 6 in Ranged Weapons
  1448 | D:2      | Noticed Sigmund
  1847 | D:2      | Killed from afar by Sigmund

Illustrated notes

Levels and vault maps discovered:
D:1:      evilmike_arrival_rings, layout_basic, serial_bayou_pond_e
D:2:      layout_loops_ring, shapermc_ecumenical_altar_petra, uniq_sigmund

Skill      XL: |  1  2  3  4 |
---------------+-------------+-----
Fighting       | 3 |  3.0
Ranged Weapons | 5 6 |  6.0
Dodging        | |  2.1
Stealth        | |  0.7

Action                   |  1- 3 |  4- 6 || total
-------------------------+-------+-------++-------
 Fire: Shortbow          |    91 |    19 ||   110
Armor: Leather armour    |     4 |       ||     4
Dodge: Dodged            |    20 |     1 ||    21
